 Dungeon Crawl Stone Soup version 0.30.1-9-gdf580d7c3d (webtiles) character file.

Game seed: 14303958217895352344

169 Ivernyr the Shield-Bearer (level 5, -11/42 HPs)
             Began as a Formicid Fighter on Oct 6, 2023.
             Mangled by an ogre
             ... wielding a +0 giant spiked club
              (25 damage)
             ... on level 4 of the Dungeon.
             The game lasted 00:04:09 (2157 turns).

Ivernyr the Shield-Bearer (Formicid Fighter)        Turns: 2157, Time: 00:04:09

Health: -11/42     AC:  0    Str: 20    XL:     5   Next: 79%
Magic:  5/5        EV:  9    Int:  8    God:
Gold:   145        SH:  6    Dex: 21    Spells: 4/4 levels left

rFire   . . .        a - +0 scimitar
rCold   . . .        c - +0 buckler
rNeg    . . .        b - +0 scale mail
rPois   .            (helmet unavailable)
rElec   .            (no cloak)
rCorr   .            n - +0 pair of gloves
SInv    +            (no boots)
Will    .....        (no amulet) Stlth
                     g - +6 ring of dexterity
HPRegen 0.27/turn    (no ring)
MPRegen 0.09/turn

%: no passive effects
@: mighty, corroded
A: permanent stasis, dig shafts and tunnels, antennae 3, four strong arms
a: Dig, Shaft Self


You were on level 4 of the Dungeon.
You visited 1 branch of the dungeon, and saw 4 of its levels.

You collected 145 gold pieces.

Inventory:

Hand Weapons
 a - a +0 scimitar (weapon)
Armour
 b - a +0 scale mail (worn)
 c - a +0 buckler (worn)
 n - a +0 pair of gloves (worn)
Jewellery
 g - a +6 ring of dexterity (left hand)
Scrolls
 h - a scroll of noise {unknown}
 i - a scroll of fog {unknown}
 k - 2 scrolls of blinking {unknown}
 l - a scroll of poison {unknown}
 o - a scroll of immolation {unknown}
 p - a scroll of magic mapping {unknown}
 q - a scroll of identify {unknown}
Potions
 d - 2 potions of might
 e - 2 potions of flight {unknown}
 f - a potion of brilliance {unknown}
 j - a potion of heal wounds {unknown}
 m - a potion of curing {unknown}


   Skills:
 + Level 4.1 Fighting
 * Level 3.8 Long Blades
 + Level 4.1 Armour
 + Level 5.0 Shields


You had 4 spell levels left.
You didn't know any spells.
Your spell library contained the following spells:

 Spells                   Type           Power      Damage    Failure   Level
 Portal Projectile        Hex/Tloc       0%         N/A       99%         3
 Tukima's Dance           Hex            0%         N/A       99%         3
 Blade Hands              Tmut           0%         N/A       100%        5


Dungeon Overview and Level Annotations

Branches:
Dungeon (4/15)
 Temple: D:4-7

Altars:
Vehumet

Shops:
D:1 [

Annotations:
D:3 2 transporters, Ivernyr's ghost, amateur FoFi


Innate Abilities, Weirdness & Mutations

You cannot be hasted, slowed, berserked, paralysed or teleported.
You can dig through walls and to a lower floor.
You have a pair of large antennae on your head. (SInv)
Your four strong arms can wield two-handed weapons with a shield.


Message History

There is a stone staircase leading down here.
You climb downwards.
Found a scroll labelled SILITEFUZAU.
There is a stone staircase leading up here.
q - a scroll labelled SILITEFUZAU A jelly comes into view.
The jelly quivers.
An ogre comes into view. It is wielding a +0 giant spiked club.
The ogre shouts!
You block the jelly's attack.
You slash the jelly! The acid corrodes you!
Your hands burn!
The jelly is severely wounded.
The jelly hits you. The acid corrodes you!
You are splashed with acid.
You slash the jelly!
You kill the jelly!
Your Shields skill increases to level 5!
You block the ogre's attack.
You closely miss the ogre. You block the ogre's attack.
You hit the ogre.
The ogre is lightly wounded.
You hit the ogre but do no damage.
The ogre is lightly wounded.
The ogre hits you with a +0 giant spiked club!!
Ouch! That really hurt!
* * * LOW HITPOINT WARNING * * *
You hit the ogre but do no damage.
The ogre is lightly wounded.
The ogre closely misses you.
You slash the ogre!
The ogre is heavily wounded.
The ogre closely misses you.
You feel very mighty all of a sudden. The ogre closely misses you.
You hit the ogre.
The ogre is heavily wounded.
You slash the ogre!
The ogre is almost dead.
The ogre hits you with a +0 giant spiked club!!
Ouch! That really hurt!
You die...

#. .# . .
.#. ... #.#
#.# #O# #@#
#.# #.# #.#
#.# #.# #.#
#.#
.##########
#.#


You could see an ogre.

Vanquished Creatures
  A jelly (D:4)
  Terence (D:2)
  4 adders
  A gnoll (D:1)
  A worm (D:2)
  4 orcs (D:3)
  4 endoplasms
  3 giant cockroaches
  4 goblins
  11 hobgoblins
  8 kobolds
  2 quokkas
  4 ball pythons
  A bat (D:1)
  9 rats
58 creatures vanquished.

Notes
Turn   | Place    | Note
-------+----------+-------------------------------------------
     0 | D:1      | Ivernyr the Formicid Fighter began the quest for the Orb.
     0 | D:1      | Reached XP level 1. HP: 18/18 MP: 1/1
   101 | D:1      | Found Kuah's Armour Emporium.
   218 | D:1      | Reached XP level 2. HP: 17/24 MP: 2/2
   273 | D:1      | Reached XP level 3. HP: 29/29 MP: 3/3
   808 | D:2      | Reached XP level 4. HP: 37/37 MP: 4/4
   865 | D:2      | Noticed Terence
   879 | D:2      | Killed Terence
  1050 | D:2      | Reached XP level 5. HP: 42/42 MP: 5/5
  1400 | D:3      | Found a radiant altar of Vehumet.
  1578 | D:3      | Found a faded altar of an unknown god.
  1777 | D:3      | Noticed an ogre
  1778 | D:3      | Noticed Ivernyr's ghost (amateur FoFi)
  1779 | D:3      | Found a transporter.
  1779 | D:3      | Found a transporter.
  1779 | D:3      | Noticed an ogre
  2145 | D:4      | Noticed an ogre
  2149 | D:4      | Reached skill level 5 in Shields
  2157 | D:4      | Mangled by an ogre

Illustrated notes

Levels and vault maps discovered:
D:1:      minmay_arrival_cross, layout_loops_ring, serial_shops, shop
D:2:      layout_rooms, uniq_terence
D:3:      layout_loops_ring, mainiacjoe_overflow_chevrons,
          basic_ecumenical_altar, gammafunk_ghost_smash
D:4:      layout_loops_ring, mainiacjoe_overflow_surrounded_room,
          uniq_crazy_yiuf_cottage

Skill      XL: |  1  2  3  4  5 |
---------------+----------------+-----
Long Blades    | 3 |  3.8
Armour         | 4 |  4.1
Fighting       | 4 |  4.1
Shields        | 5 |  5.0

Action                     |  1- 3 |  4- 6 || total
---------------------------+-------+-------++-------
  Melee: Long sword        |    56 |    29 ||    85
         Scimitar          |       |    69 ||    69
    Use: Potion            |       |     1 ||     1
 Armour: Scale mail        |    27 |    21 ||    48
  Dodge: Dodged            |    24 |    42 ||    66
  Block: Buckler           |    18 |    32 ||    50
